 Dungeon Crawl Stone Soup version 0.31-a0-523-g071a6c1ffa (webtiles) character file.

Game seed: 9425797298179202113

84 arthad the Trooper (level 4, -2/24 HPs)
             Began as a Vine Stalker Berserker on Aug 12, 2023.
             Was a Believer of Trog.
             Killed from afar by Natasha (8 damage)
             ... with a magic dart
             ... on level 2 of the Dungeon.
             The game lasted 00:02:02 (1656 turns).

arthad the Trooper (Vine Stalker Berserker)         Turns: 1656, Time: 00:02:03

Health: -2/24      AC:  2    Str: 21    XL:     4   Next: 45%
Magic:  0/5        EV: 12    Int:  7    God:    Trog [**....]
Gold:   107        SH:  0    Dex: 14    Spells: 3/3 levels left

rFire   . . .        a - +0 hand axe
rCold   . . .        (no shield)
rNeg    . . .        b - +0 animal skin
rPois   .            (no helmet)
rElec   .            (no cloak)
rCorr   .            (no gloves)
SInv    .            (no boots)
Will    ++...        (no amulet)
Stlth   +            (no ring)
HPRegen 2.04/turn    (no ring)
MPRegen 0.09/turn

%: guardian spirit
@: strong-willed, regenerating
A: fangs 2, regeneration 1, magic shield, antimagic bite, no potion heal 2
a: Renounce Religion, Berserk, Trog's Hand


You were on level 2 of the Dungeon.
You worshipped Trog.
Trog was pleased with you.
You visited 1 branch of the dungeon, and saw 2 of its levels.

You collected 107 gold pieces.

Inventory:

Hand Weapons
 a - a +0 hand axe (weapon)
Missiles
 k - 4 poisoned darts
Armour
 b - a +0 animal skin (worn)
Scrolls
 c - 5 scrolls of teleportation {unknown}
 d - 3 scrolls of vulnerability {unknown}
 e - 2 scrolls of blinking {unknown}
 f - 3 scrolls of identify {unknown}
 i - a scroll of butterflies {unknown}
 l - a scroll of enchant weapon {unknown}
Potions
 g - a potion of degeneration {unknown}
 h - a potion of magic {unknown}
 j - a potion of attraction {unknown}
 m - a potion of resistance {unknown}


   Skills:
 * Level 3.5 Fighting
 * Level 3.4 Axes
 + Level 2.0 Armour
 + Level 2.0 Dodging


You had 3 spell levels left.
You didn't know any spells.
Your spell library contained the following spells:

 Spells                   Type           Power      Damage    Failure   Level
 Call Canine Familiar     Summ           0%         N/A       80%         3
 Portal Projectile        Hex/Tloc       0%         N/A       80%         3
 Leda's Liquefaction      Hex/Erth       0%         N/A       99%         4


Dungeon Overview and Level Annotations

Branches:
Dungeon (2/15)

Altars:

Annotations:
D:2 Natasha


Innate Abilities, Weirdness & Mutations

You have extremely sharp teeth.
Your natural rate of healing is unusually fast.
When hurt, damage is shared between your health and your magic reserves.
Your bite disrupts and absorbs the magic of your enemies.
Potions cannot restore your health.


Message History

You barely miss Natasha. The bat misses you.
The cerulean imp hits you from afar with a +0 spear.
Natasha claws you. The cerulean imp closely misses you.
You barely miss the bat.
The bat is severely wounded.
You closely miss Natasha. The bat barely misses you. Natasha misses you.
The cerulean imp barely misses you. The bat closely misses you.
You closely miss the bat. You bite the bat, but do no damage.
The bat is severely wounded.
You hit Natasha. The bat closely misses you.
Natasha zaps a wand.
The puff of flame hits you!
* * * LOW HITPOINT WARNING * * *
The bat barely misses you. The cerulean imp barely misses you.
You are too injured to fight recklessly!
You are too injured to fight recklessly!
You are too injured to fight recklessly!
You are too injured to fight recklessly!
You are too injured to fight recklessly!
You are too injured to fight recklessly!
You are too injured to fight recklessly!
You are too injured to fight recklessly!
You are too injured to fight recklessly!
Your skin crawls.
You feel strong-willed. The bat barely misses you. Natasha claws you.
* * * LOW HITPOINT WARNING * * *
The cerulean imp hits you from afar with a +0 spear.
* * * LOW HITPOINT WARNING * * *
The bat barely misses you.
The cerulean imp hits you with a +0 spear.
* * * LOW HITPOINT WARNING * * *
Natasha barely misses you.
You see here a giant cockroach corpse.
You barely miss Natasha.
Natasha is moderately wounded.
You miss the cerulean imp. The bat closely misses you.
The cerulean imp misses you. Natasha casts a spell at you.
The magic dart hits you!
You die...

#.# #.####### #.#
#.......[ ###
#########.......÷
#.......#........
#....†...........
#.......##.......
######.########.......
#.....b.......#.......
#....@h..(....#.......
#.....5.......#.......
#.......(.....######.#
#............. #.#
#.............######.#
#.....................
#.....................
#.....................
.######.#


You could see Natasha, a cerulean imp (summoned) and a bat.

Vanquished Creatures
  Terence (D:2)
  2 adders (D:2)
  6 ball pythons
  4 endoplasms
  2 giant cockroaches
  2 goblins
  3 hobgoblins
  4 jackals (D:1)
  4 bats
  2 frilled lizards (D:2)
  5 kobolds
  4 rats
39 creatures vanquished.

Notes
Turn   | Place    | Note
-------+----------+-------------------------------------------
     0 | D:1      | arthad the Vine Stalker Berserker began the quest for the
                  | Orb.
     0 | D:1      | Reached XP level 1. HP: 11/11 MP: 2/2
   271 | D:1      | Reached XP level 2. HP: 16/16 MP: 3/3
  1032 | D:2      | Noticed Terence
  1050 | D:2      | HP: 1/24 [Terence/+0 flail (3)]
  1052 | D:2      | Killed Terence
  1053 | D:2      | Reached XP level 3. HP: 2/20 MP: 0/4
  1212 | D:2      | Gained mutation: Your natural rate of healing is unusually
                  | fast. [Vine Stalker growth]
  1212 | D:2      | Reached XP level 4. HP: 24/24 MP: 5/5
  1503 | D:2      | Reached ** piety under Trog
  1645 | D:2      | Noticed Natasha
  1656 | D:2      | Killed from afar by Natasha

Illustrated notes

Levels and vault maps discovered:
D:1:      dpeg_arrival_rhombi, layout_basic
D:2:      layout_basic, uniq_terence, uniq_natasha

Skill      XL: |  1  2  3  4 |
---------------+-------------+-----
Fighting       | 3 |  3.5
Axes           | 3 |  3.4
Armour         | 2 |  2.0
Dodging        | 2 |  2.0

Action                     |  1- 3 |  4- 6 || total
---------------------------+-------+-------++-------
  Melee: Hand axe          |    62 |    38 ||   100
         Bite              |    15 |     6 ||    21
         Punch             |       |     1 ||     1
 Invoke: Berserk           |     1 |       ||     1
         Trog's Hand       |       |     1 ||     1
 Armour: Animal skin       |    14 |     7 ||    21
  Dodge: Dodged            |    39 |    33 ||    72

Table legend: (Time is in decaauts)
 A = Elapsed time spent in this place.
 B = Non-inter-level travel time spent in this place.
 C = Inter-level travel time spent in this place.
 D = Time resting spent in this place.
 E = Time spent auto-exploring this place.
 F = Levels seen in this place.
 G = Mean time per level.
                   A        B        C        D        E       F      G
               +--------+--------+--------+--------+--------+-----+--------+
         Total |   1681 |   1660 |     21 |     28 |   1362 |   2 |  840.5 |
       Dungeon |   1681 |   1660 |     21 |     28 |   1362 |   2 |  840.5 |
               +--------+--------+--------+--------+--------+-----+--------+

Top non-repeatable levels by time:
     D:1: 1024 daAuts
     D:2: 656 daAuts
